Map: Inside and Out

Players

电脑难度(新手)

  • Race: Protoss Protoss

原为君羊 - Winner!

  • Race: Terran Terran

VOD

Have the link to the VOD?

Description

Time

  • Played on: Aug. 27, 2022, 10:55 a.m.
  • Length: 11:18
Show
View Real Time Build Order
Export as new Build Order

电脑难度(新手) Protoss 

Build Orders: 1 Gate Expand, Nexus First 

Get SALT Encoding   

  12  0:00  Probe  
  13  0:13  Probe  
  14  0:20  Pylon  
  14  0:43  Gateway  
  14  1:01  Nexus  
  14  1:19  Pylon  
  14  1:21  Zealot  
  14  1:24  Assimilator  
  16  1:37  Cybernetics Core  
  16  1:38  Probe  
  17  1:50  Probe  
  18  2:00  Assimilator, Probe  
  18  2:07  Stalker  
  19  2:08  Probe  
  20  2:17  Probe  
  20  2:18  Warp Gate  
  23  2:22  Probe  
  24  2:31  Probe  
  25  2:38  Probe  
  26  2:46  Probe  
  26  2:48  Assimilator  
  26  2:51  Pylon  
  27  2:53  Probe  
  28  3:00  Probe  
  29  3:07  Probe  
  29  3:11  Probe  
  30  3:13  Robotics Facility  
  31  3:24  Probe  
  32  3:28  Zealot  
  32  3:31  Probe  
  35  3:38  Probe  
  36  3:45  Probe  
  37  3:53  Probe  
  38  3:59  Observer  
  38  4:00  Probe  
  40  4:07  Probe  
  41  4:13  Observer  
  41  4:15  Probe  
  42  4:18  Assimilator  
  42  4:22  Probe  
  44  4:29  Probe  
  45  4:32  Pylon  
  45  4:36  Probe  
  46  4:41  Sentry  
  46  4:43  Probe  
  49  4:50  Probe  
  49  4:57  Probe  
  50  10:41  Stalker  
  50  10:42  Gateway  
  54  10:43  Robotics Bay  
  54  10:45  Stargate  
  54  10:47  Pylon  
  46  10:52  Probe  
Show
View Real Time Build Order
Export as new Build Order

原为君羊 Terran - Winner!

Build Orders: Reaper Expand 

Get SALT Encoding   

  12  0:00  SCV  
  13  0:12  SCV  
  14  0:17  Supply Depot  
  14  0:24  SCV  
  15  0:38  SCV  
  15  0:40  Barracks  
  16  0:43  Refinery  
  16  0:50  SCV  
  17  1:02  SCV  
  18  1:14  SCV  
  19  1:27  Orbital Command, Reaper  
  20  1:39  Command Center  
  20  1:46  Supply Depot  
  20  1:53  SCV  
  21  1:59  Barracks  
  21  2:02  Barracks Reactor  
  21  2:05  SCV  
  22  2:13  Barracks  
  22  2:17  SCV  
  23  2:29  SCV  
  24  2:41  SCV  
  24  2:43  Marine x2  
  27  2:45  Barracks Tech Lab  
  27  2:51  Orbital Command  
  27  2:54  SCV  
  28  3:00  Marine  
  28  3:01  Barracks Tech Lab, Marine  
  28  3:05  Stimpack  
  30  3:06  Marauder, SCV  
  33  3:17  SCV  
  33  3:18  Marine x2, SCV  
  37  3:20  Supply Depot  
  37  3:23  Refinery  
  37  3:24  Marauder  
  39  3:29  Marauder, SCV  
  39  3:30  SCV  
  43  3:36  Marine x2  
  45  3:41  SCV  
  45  3:42  SCV  
  45  3:46  Marauder  
  45  3:47  Supply Depot  
  49  3:51  Marauder  
  49  3:53  SCV, Concussive Shells  
  49  3:54  SCV  
  53  3:58  Supply Depot  
  53  4:05  Marine  
  53  4:08  Marine, SCV x2  
  53  4:09  Marauder  
  59  4:10  Engineering Bay  
  59  4:14  Marauder  
  61  4:20  SCV  
  61  4:21  SCV  
  61  4:23  Marine  
  64  4:26  Marine  
  66  4:32  Marauder  
  66  4:33  Factory  
  66  4:34  SCV  
  66  4:35  Marine  
  66  4:37  Refinery  
  69  4:40  Supply Depot  
  69  4:41  Refinery  
  69  4:43  SCV  
  70  4:50  Terran Infantry Weapons Level 1  
  70  4:54  Supply Depot  
  70  5:02  Marauder, SCV x2  
  74  5:12  Supply Depot  
  74  5:14  SCV x2  
  74  5:16  Marauder, Marine x2  
  74  5:19  Factory Reactor, Starport  
  80  5:23  Marauder  
  80  5:26  SCV x2  
  84  5:34  Marine x2  
  86  5:36  Command Center  
  86  5:37  Marauder  
  86  5:39  Combat Shield  
  86  5:40  SCV  
  86  5:42  SCV  
  90  5:45  Marauder  
  90  5:46  Supply Depot  
  92  5:54  Barracks, SCV  
  93  5:57  Barracks  
  93  5:58  Supply Depot  
  93  6:07  Armory  
  93  6:09  SCV  
  93  6:10  SCV  
  95  6:11  Engineering Bay  
  95  6:14  Medivac x2  
  95  6:17  Marauder  
  101  6:21  Supply Depot, SCV  
  101  6:23  Factory Tech Lab  
  102  6:31  SCV  
  103  6:33  Supply Depot  
  103  6:35  SCV  
  106  6:40  Marauder x2, Marine x2  
  106  6:43  SCV  
  106  6:45  Barracks Tech Lab  
  111  6:47  SCV  
  111  6:48  Medivac x2  
  111  6:52  Barracks Tech Lab, Refinery  
  116  6:56  Terran Infantry Armor Level 1  
  116  6:57  Terran Infantry Weapons Level 2  
  116  6:58  SCV  
  116  6:59  SCV  
  118  7:08  Marauder x2  
  122  7:09  Marauder  
  122  7:10  SCV  
  122  7:11  SCV  
  122  7:13  Orbital Command  
  126  7:19  Refinery  
  126  7:20  Marauder  
  128  7:23  Medivac, SCV  
  128  7:25  Medivac  
  128  7:27  SCV  
  128  7:29  Marauder  
  136  7:30  Supply Depot  
  136  7:33  Supply Depot  
  136  7:35  SCV  
  137  7:39  SCV x2  
  137  7:40  Supply Depot  
  139  7:47  SCV  
  139  7:49  Marine  
  141  7:51  SCV  
  141  7:52  Marauder x3, SCV  
  141  7:54  Medivac, Marine  
  141  7:55  Medivac  
  154  7:59  Marauder, SCV  
  154  8:04  SCV  
  158  8:07  SCV  
  158  8:10  Marine  
  158  8:11  SCV  
  158  8:12  Command Center  
  161  8:13  Marauder x2  
  165  8:21  Supply Depot  
  165  8:23  Supply Depot  
  165  8:28  Barracks  
  165  8:29  Barracks  
  165  8:31  Barracks  
  165  8:32  Supply Depot  
  165  8:33  Supply Depot  
  165  8:42  Medivac, SCV x2  
  165  8:43  Marauder x2  
  165  8:44  Medivac, Marauder x2, Marine, SCV  
  165  8:47  Supply Depot  
  181  8:55  SCV  
  182  8:56  SCV  
  182  8:58  Ghost Academy  
  182  8:59  Marine  
  182  9:00  SCV  
  185  9:04  Marauder x2  
  185  9:06  Marauder x2  
  185  9:07  Marine, SCV  
  195  9:13  SCV  
  196  9:17  Marine, Refinery  
  196  9:18  Barracks Tech Lab x2  
  196  9:19  Barracks Tech Lab, Refinery  
  197  9:25  Marauder, Marine  
  200  9:40  Sensor Tower  
  200  9:48  Command Center  
  200  9:50  Barracks x2  
  200  9:53  Barracks  
  200  9:57  Barracks  
  200  10:03  Planetary Fortress  
  200  10:16  Command Center  
  200  10:41  Command Center, Refinery  
  200  10:44  Refinery  
  200  10:53  Command Center  
Tags
 
Add a new tag
Caveats
  • Supply blocks, unpowered buildings, or Contaminate may cause inaccurate times.
  • Supply counts are checked every 10 seconds.